 Dungeon Crawl Stone Soup version 0.19.1-1-g22dce08 (webtiles) character file.

448 Gorglomux the Slasher (level 6, -4/57 HPs)
             Began as a Deep Dwarf Fighter on Jan 2, 2017.
             Slain by an ogre
             ... wielding a +0 giant club
              (22 damage)
             ... on level 4 of the Dungeon.
             The game lasted 00:04:40 (2236 turns).

Gorglomux the Slasher (Deep Dwarf Fighter)          Turns: 2236, Time: 00:04:40

Health: -4/57      AC:  7    Str: 21    XL:     6   Next: 73%
Magic:  6/6        EV:  7    Int:  9    God:
Gold:   154        SH:  9    Dex: 12    Spells: 0 memorised, 5 levels left

rFire  . . .     SeeInvis .     a - +0 long sword
rCold  . . .     Gourm    .     b - +0 scale mail
rNeg   . . .     Faith    .     c - +0 shield
rPois  .         Spirit   .     (no helmet)
rElec  .         Reflect  .     (no cloak)
rCorr  .         Harm     .     (no gloves)
MR     .....                    (no boots)
Stlth  ..........               (no amulet)
                                (no ring)
                                (no ring)

@: non-regenerating
A: damage resistance, recharge devices, sense surroundings 1, slow regeneration
3
a: Device Recharging


You were on level 4 of the Dungeon.
You were not hungry.

You visited 1 branch of the dungeon, and saw 4 of its levels.

You collected 154 gold pieces.

Inventory:

Hand Weapons
 a - a +0 long sword (weapon)
Missiles
 v - 4 tomahawks (quivered)
Armour
 b - a +0 scale mail (worn)
 c - a +0 shield (worn)
Wands
 e - a wand of heal wounds (0/9)
Scrolls
 i - a scroll of random uselessness {unknown}
 n - a scroll of teleportation {unknown}
 p - 3 scrolls of identify {unknown}
 q - 2 scrolls of recharging {unknown}
 r - a scroll of remove curse {unknown}
Potions
 d - a potion of might
 g - a potion of agility {unknown}
 j - a potion of invisibility {unknown}
 m - 2 potions of berserk rage {unknown}
 o - a potion of mutation {unknown}
 u - a potion of degeneration {unknown}
 w - a potion of lignification {unknown}
Books
 t - a book of Changes

   Spells                             Type                      Level
   a - Beastly Appendage              Transmutation                1
   b - Sticks to Snakes               Transmutation                2
   c - Spider Form                    Transmutation/Poison         3
   d - Ice Form                       Ice/Transmutation            4
   e - Blade Hands                    Transmutation                5
Comestibles
 f - a bread ration
 h - 3 chunks of flesh
 k - a slice of pizza
 l - a meat ration
 s - 7 fruits


   Skills:
 + Level 4.1 Fighting
 * Level 5.3 Long Blades
 + Level 5.1 Armour
 - Level 3.2 Shields


You had 5 spell levels left.
You didn't know any spells.

Dungeon Overview and Level Annotations

Branches:
Dungeon (4/15)
 Temple: D:4-7

Altars:
Gozag
Hepliaklqana
Ru
Trog
Xom


Innate Abilities, Weirdness & Mutations

You are resistant to damage.
You can recharge devices by infusing magical energy.
You passively map a small area around you.
You do not regenerate.


Message History

No target in view!
No target in view!
You see here 20 sling bullets.
You now have 154 gold pieces (gained 7).
Found a dagger.
An ogre comes into view. It is wielding a giant club.
You see here a dagger.
A jackal comes into view.
Your shield and scale mail prevent you from hitting the ogre.
The jackal barks!
You block the ogre's attack.
Some of the chunks of flesh in your inventory have rotted away.
You barely miss the ogre. The ogre hits you with a giant club!
A jackal comes into view.
The jackal barks!
You hit the ogre but do no damage. The ogre hits you with a giant club!
You slash the ogre!
The ogre is moderately wounded.
You block the jackal's attack. The ogre hits you with a giant club!!
You die...

* #8..####....# #..
* #......#....# ###
,#......##...#####
*##...#...#)..##...
#....#...#....#.##
#...##...##...#...
* ,
#...#.....#...#.##
*
#...#.....#...#...
,
#@.)#.....#...#.##
#Oh.#.(8(.#...#.#
#...#..(..#...#.#
#h..#.....#...#.#
,,
#...#.....#...#.#
#...##...##...#.# ,
#.h..#...#....#.#
##...#...#...##.#
#...##......##.##


You could see an ogre and 3 jackals.

Vanquished Creatures
  A bullfrog (D:4)
  4 orc priests
  2 hounds (D:4)
  2 orc wizards
  5 adders
  An ooze (D:1)
  2 worms (D:2)
  3 dart slugs
  2 leopard geckos
  10 orcs
  4 ball pythons
  5 giant cockroaches
  4 goblins
  7 hobgoblins
  2 jackals (D:2)
  4 kobolds
  A quokka (D:3)
  12 bats
  3 frilled lizards
  10 rats
84 creatures vanquished.

Notes
Turn   | Place    | Note
-------+----------+-------------------------------------------
     0 | D:1      | Gorglomux the Deep Dwarf Fighter began the quest for the Orb.
     0 | D:1      | Reached XP level 1. HP: 20/20 MP: 1/1
   118 | D:1      | Reached XP level 2. HP: 25/27 MP: 2/2
   809 | D:2      | Reached XP level 3. HP: 27/33 MP: 3/3
  1058 | D:2      | Found a sacrificial altar of Ru.
  1102 | D:2      | Reached XP level 4. HP: 22/42 MP: 4/4
  1103 | D:2      | Found a bloodstained altar of Trog.
  1250 | D:3      | HP: 2/42 [orc priest/divine providence (10)]
  1264 | D:3      | HP: 2/42 [orc priest/nerve-wracking pain (11)]
  1282 | D:3      | Reached XP level 5. HP: 32/49 MP: 5/5
  1394 | D:3      | Found a shimmering altar of Xom.
  1395 | D:3      | Found a hazy altar of Hepliaklqana.
  1396 | D:3      | Noticed a spectral ugly thing
  1501 | D:3      | Found an opulent altar of Gozag.
  1866 | D:4      | Reached XP level 6. HP: 24/57 MP: 6/6
  2018 | D:4      | Reached skill level 5 in Long Blades
  2018 | D:4      | Reached skill level 5 in Armour
  2236 | D:4      | Slain by an ogre

Skill      XL: |  1  2  3  4  5  6 |
---------------+-------------------+-----
Armour         | 4 5 |  5.1
Fighting       | 3 4 |  4.1
Long Blades    | 3 4 5 |  5.3
Shields        | |  3.2

Action                   |  1- 3 |  4- 6 || total
-------------------------+-------+-------++-------
Melee: Long sword        |   144 |   181 ||   325
Throw: Tomahawk          |       |     1 ||     1
Evoke: Wand              |       |     5 ||     5
  Eat: Chunk             |     1 |     4 ||     5
Armor: Scale mail        |    58 |    90 ||   148
Dodge: Dodged            |    39 |    71 ||   110
Block: Shield            |    77 |   108 ||   185
       Rpst.: Long sword |     8 |    23 ||    31
